Blackdemons vs Remparts
(R1)
Created - May 29, 2019 at 21:03
Goals
|
| Blackdemons |
1 |
4 |
3 |
8 |
| Remparts |
0 |
1 |
2 |
3 |
|
Shots
|
| Blackdemons |
5 |
21 |
11 |
37 |
| Remparts |
9 |
4 |
11 |
24 |
|
1st period
1. Blackdemons , Ladislav Nagy 15 (Keaton Ellerby 7, Matt Hackett) at 16:09
Penalties :
Blake Pietila (MJM) for Holding Stick (Minor) at 0:21, Martin Hanzal (MJM) for Tripping (Minor) at 7:08, Michal Jordan (Que) for Tripping (Minor) at 9:48, Robbie Russo (MJM) for Elbowing (Minor) at 19:24
2nd period
2. Blackdemons , Martin Hanzal 7 (Alexandre Grenier 10, Yannick Weber 8) at 3:23
3. Blackdemons , Alexei Morozov 8 (Patrice Cormier 4) at 4:25
4. Blackdemons , Alexei Morozov 9 (Zachary Sanford 10, Yannick Weber 9) at 7:29
5. Remparts , Guillaume Desbiens 14 (Erik Gustafsson 9, Cédric Lalonde-McNicoll 9) at 10:56
6. Blackdemons , Keaton Ellerby 3 (Yannick Weber 10, Ladislav Nagy 6) at 16:25
Penalties :
Guillaume Desbiens (Que) for Charging (Minor) at 7:51, Patrice Cormier (MJM) for Hooking (Minor) at 13:00
3rd period
7. Remparts , Brandon Mashinter 5 (Griffin Reinhart 8) at 0:55
8. Remparts , Matt Puempel 3 (Brandon Mashinter 5, Nail Yakupov 7) at 1:48
9. Blackdemons , Keaton Ellerby 4 (Zachary Sanford 11) at 4:40 (PP)
10. Blackdemons , Sergei Plotnikov 4 (James Livingstone 2, Kyle Rau 10) at 9:04
11. Blackdemons , Alexandre Grenier 3 (Blake Pietila 4) at 12:39
Penalties :
Erik Gustafsson (Que) for Slashing (Minor) at 4:27, Daniel Paille (Que) for Hooking (Minor) at 9:09, Pontus Aberg (Que) for Holding (Minor) at 15:00, Alexandre Grenier (MJM) for Hooking (Minor) at 15:35
Goalie Stats
Matt Hackett (MJM), 21 saves from 24 shots - (0.875), W, 10-1-1, 60:00 minutes
Igor Bobkov (Que), 6 saves from 8 shots - (0.750), 15:20 minutes
Tyler Plante (Que), 23 saves from 29 shots - (0.793), L, 1-3-0, 44:40 minutes
Players Stats for Blackdemons
Player Name G A P +/- PIM S H SB GA TA FO MP PP MP PK MP
------------------------------------------------------------------------------------
Alexandre Grenier 1 1 2 2 2 7 1 0 0 0 0/0 14:02 3:19 0:00
Alexei Morozov 2 0 2 3 0 7 2 1 1 0 3/3 16:40 3:25 0:00
Blake Pietila 0 1 1 2 2 0 4 0 0 0 0/1 15:45 3:24 0:07
Charles-Olivier Roussel 0 0 0 0 0 0 0 1 0 1 0/0 8:31 0:00 0:00
Hudson Fasching 0 0 0 -1 0 0 2 0 0 0 0/0 10:08 0:00 0:02
James Livingstone 0 1 1 0 0 1 0 1 0 0 0/0 7:29 0:00 0:00
Jeffrey Foss 0 0 0 4 0 1 2 1 0 1 0/0 20:28 3:26 4:33
Keaton Ellerby 2 1 3 1 0 2 2 2 1 2 0/0 26:16 3:19 3:58
Kyle Rau 0 1 1 0 0 2 1 2 0 0 3/7 12:22 0:00 4:08
Ladislav Nagy 1 1 2 -1 0 6 2 0 1 1 0/1 16:20 0:00 3:55
Martin Hanzal 1 0 1 2 2 2 1 0 2 0 10/14 15:47 3:20 1:17
Matt Grzelcyk 0 0 0 -1 0 0 2 1 0 1 0/0 10:47 0:00 3:58
Patrice Cormier 0 1 1 3 2 3 0 0 0 1 19/31 18:48 0:00 2:57
Robbie Russo 0 0 0 4 2 0 0 1 0 0 0/0 11:36 0:00 0:00
Roman Josi 0 0 0 0 0 0 2 1 0 0 0/0 12:30 3:19 0:00
Sean Monahan 0 0 0 -1 0 1 1 1 2 0 6/10 13:36 3:25 0:09
Sergei Plotnikov 1 0 1 0 0 3 0 1 1 0 2/2 12:07 0:01 4:27
Tommy Vannelli 0 0 0 -1 0 0 0 1 0 0 0/0 4:45 0:00 0:00
Yannick Weber 0 3 3 1 0 1 1 0 3 0 0/0 25:34 3:26 4:33
Zachary Sanford 0 2 2 3 0 1 0 0 2 0 0/0 16:29 3:20 0:00
Players Stats for Remparts
Player Name G A P +/- PIM S H SB GA TA FO MP PP MP PK MP
------------------------------------------------------------------------------------
Brandon Gormley 0 0 0 -3 0 1 1 0 0 1 0/0 28:29 4:44 4:11
Brandon Mashinter 1 1 2 2 0 5 1 0 2 0 4/8 12:51 0:00 2:00
Cédric Lalonde-McNicoll 0 1 1 -2 0 0 2 0 0 2 3/12 16:02 3:15 1:39
Chris Mueller 0 0 0 0 0 0 1 0 1 0 1/5 6:55 0:00 0:00
Daniel Paille 0 0 0 -3 2 1 2 0 2 0 0/1 17:07 3:15 2:50
Erik Gustafsson 0 1 1 -2 2 0 1 3 0 3 0/0 27:13 4:44 2:34
Griffin Reinhart 0 1 1 -1 0 1 0 3 0 0 0/0 19:13 3:47 0:58
Guillaume Desbiens 1 0 1 -3 2 7 1 0 0 0 0/2 21:21 5:13 0:40
Justin Williams 0 0 0 0 0 0 1 0 0 0 0/0 6:55 0:00 0:00
Matt Puempel 1 0 1 2 0 1 0 0 0 1 0/1 11:16 0:00 0:40
Max Reinhart 0 0 0 -4 0 3 2 0 0 1 17/38 24:03 4:54 3:46
Michal Jordan 0 0 0 0 2 0 1 3 0 1 0/0 21:01 3:47 1:36
Nail Yakupov 0 1 1 2 0 1 1 0 1 0 0/0 10:58 0:22 0:00
Niklas Hansson 0 0 0 -1 0 1 0 0 0 1 0/0 14:31 0:00 4:11
Pontus Aberg 0 0 0 -4 2 2 3 1 1 0 0/1 19:58 5:16 0:07
Roberts Lipsbergs 0 0 0 1 0 0 1 0 0 2 0/0 10:35 0:03 1:48
Ryan Strome 0 0 0 -3 0 1 1 0 0 0 1/1 13:42 3:15 0:00
Viktor Baldayev 0 0 0 -1 0 0 0 1 0 1 0/0 9:36 0:00 0:00
3 Stars
1 - Keaton Ellerby (MJM)
2 - Alexei Morozov (MJM)
3 - Yannick Weber (MJM)
Power Play
Blackdemons - 1 on 5 Attempt(s) - 20.00%
Remparts - 0 on 5 Attempt(s) - 0.00%
Penalty Kill
Blackdemons - 5 on 5 Attempt(s) - 100.00%
- Score 0 goal in Penalty Kill
Remparts - 4 on 5 Attempt(s) - 80.00%
- Score 0 goal in Penalty Kill
Team Stat
Blackdemons - Hits : 23 - Faceoff Wins : 43 - Blocked Shots : 14 - Penalty Minutes : 10
Remparts - Hits : 19 - Faceoff Wins : 26 - Blocked Shots : 11 - Penalty Minutes : 10
Official
Referees : Unknown
Linesman : Unknown
Game Notes
Igor Bobkov enters game at 4:40 of 3rd period
Finance
Level 1 -- Attendance: 2000 (100.00%) -- Ticket Income $60,000
Level 2 -- Attendance: 1000 (100.00%) -- Ticket Income $20,000
Total Attendance: 3000 (100.00%)
Total Ticket Income: $80,000
Other Income: $4,000
Total Income: $84,000
Blackdemons
5 vs 5 Forward
Center Left Wing Right Wing Time % Phy DF OF
1 Martin Hanzal Blake Pietila Alexandre Grenier 34 0 1 4
2 Patrice Cormier Zachary Sanford Alexei Morozov 34 0 1 4
3 Sean Monahan Ladislav Nagy Hudson Fasching 22 0 2 3
4 Kyle Rau Sergei Plotnikov James Livingstone 10 0 1 4
5 vs 5 Defense
Defense Defense Time % Phy DF OF
1 Keaton Ellerby Yannick Weber 40 0 4 1
2 Jeffrey Foss Robbie Russo 30 0 4 1
3 Charles-Olivier Roussel Roman Josi 20 0 5 0
4 Matt Grzelcyk Tommy Vannelli 10 0 5 0
PowerPlay Forward
Center Left Wing Right Wing Time % Phy DF OF
1 Sean Monahan Blake Pietila Alexei Morozov 50 0 0 5
2 Martin Hanzal Zachary Sanford Alexandre Grenier 50 0 0 5
PowerPlay Defense
Defense Defense Time % Phy DF OF
1 Jeffrey Foss Yannick Weber 50 0 1 4
2 Keaton Ellerby Roman Josi 50 0 1 4
Penalty Kill 4 Players Forward
Center Wing Time % Phy DF OF
1 Patrice Cormier Ladislav Nagy 50 0 5 0
2 Kyle Rau Sergei Plotnikov 50 0 5 0
Penalty Kill 4 Players Defense
Defense Defense Time % Phy DF OF
1 Yannick Weber Jeffrey Foss 50 0 5 0
2 Matt Grzelcyk Keaton Ellerby 50 0 5 0
Penalty Kill - 3 Players Forward
Forward Time % Phy DF OF
1 Patrice Cormier 60 0 5 0
2 Kyle Rau 40 0 5 0
Penalty Kill - 3 Players Defense
Defense Defense Time % Phy DF OF
1 Yannick Weber Matt Grzelcyk 60 0 5 0
2 Jeffrey Foss Keaton Ellerby 40 0 5 0
4 vs 4 Forward
Center Wing Time % Phy DF OF
1 Kyle Rau Hudson Fasching 50 1 2 2
2 Ladislav Nagy Patrice Cormier 50 1 2 2
4 vs 4 Defense
Defense Defense Time % Phy DF OF
1 Keaton Ellerby Robbie Russo 50 1 2 2
2 Yannick Weber Jeffrey Foss 50 1 2 2
Last Minutes Offensive
Center Left Wing Right Wing Defense Defense
Patrice Cormier Ladislav Nagy Alexei Morozov Jeffrey Foss Keaton Ellerby
Last Minutes Defensive
Center Left Wing Right Wing Defense Defense
Patrice Cormier Ladislav Nagy Alexei Morozov Jeffrey Foss Keaton Ellerby
Goaltenders
Starting : Matt Hackett
Backup : Laurent Brossoit
Extra Forwards
Normal : Patrice Cormier, Sean Monahan, Ladislav Nagy - PP : Martin Hanzal, Sean Monahan - PK : Patrice Cormier
Extra Defensemen
Normal : Yannick Weber, Keaton Ellerby, Jeffrey Foss - PP : Yannick Weber - PK : Keaton Ellerby, Jeffrey Foss
Penalty Shots
Ladislav Nagy, Martin Hanzal, Hudson Fasching, Zachary Sanford, Alexandre Grenier
Scratches
Scott Timmins (Healthy), Max Friberg (Healthy), Christophe Lalancette (Healthy), Klas Dahlbeck (Healthy), Brett Kulak (Herniated Disc Injury)
Remi Elie (Healthy), Jyrki Jokipakka (Healthy), Mackenzie MacEachern (Healthy), Ben Maxwell (Healthy), Nicolas Deschamps (Healthy)
Angelo Esposito (Healthy), Jacob Lagacé (Healthy), Ebbe Siönäs (Healthy), Sami Aittokallio (Healthy), Jeremy Smith (Healthy)
Remparts
5 vs 5 Forward
Center Left Wing Right Wing Time % Phy DF OF
1 Max Reinhart Pontus Aberg Guillaume Desbiens 40 1 2 2
2 Cédric Lalonde-McNicoll Daniel Paille Ryan Strome 30 1 2 2
3 Brandon Mashinter Matt Puempel Nail Yakupov 20 1 2 2
4 Chris Mueller Roberts Lipsbergs Justin Williams 10 1 2 2
5 vs 5 Defense
Defense Defense Time % Phy DF OF
1 Brandon Gormley Erik Gustafsson 40 1 2 2
2 Griffin Reinhart Michal Jordan 30 1 2 2
3 Niklas Hansson Viktor Baldayev 20 1 2 2
4 Brandon Gormley Erik Gustafsson 10 1 2 2
PowerPlay Forward
Center Left Wing Right Wing Time % Phy DF OF
1 Max Reinhart Pontus Aberg Guillaume Desbiens 60 1 2 2
2 Cédric Lalonde-McNicoll Daniel Paille Ryan Strome 40 1 2 2
PowerPlay Defense
Defense Defense Time % Phy DF OF
1 Brandon Gormley Erik Gustafsson 60 1 2 2
2 Griffin Reinhart Michal Jordan 40 1 2 2
Penalty Kill 4 Players Forward
Center Wing Time % Phy DF OF
1 Max Reinhart Daniel Paille 60 1 2 2
2 Cédric Lalonde-McNicoll Guillaume Desbiens 40 1 2 2
Penalty Kill 4 Players Defense
Defense Defense Time % Phy DF OF
1 Brandon Gormley Niklas Hansson 60 1 2 2
2 Michal Jordan Erik Gustafsson 40 1 2 2
Penalty Kill - 3 Players Forward
Forward Time % Phy DF OF
1 Max Reinhart 60 1 2 2
2 Cédric Lalonde-McNicoll 40 1 2 2
Penalty Kill - 3 Players Defense
Defense Defense Time % Phy DF OF
1 Brandon Gormley Niklas Hansson 60 1 2 2
2 Michal Jordan Erik Gustafsson 40 1 2 2
4 vs 4 Forward
Center Wing Time % Phy DF OF
1 Max Reinhart Pontus Aberg 60 1 2 2
2 Cédric Lalonde-McNicoll Guillaume Desbiens 40 1 2 2
4 vs 4 Defense
Defense Defense Time % Phy DF OF
1 Brandon Gormley Erik Gustafsson 60 1 2 2
2 Griffin Reinhart Michal Jordan 40 1 2 2
Last Minutes Offensive
Center Left Wing Right Wing Defense Defense
Max Reinhart Pontus Aberg Guillaume Desbiens Brandon Gormley Erik Gustafsson
Last Minutes Defensive
Center Left Wing Right Wing Defense Defense
Max Reinhart Daniel Paille Justin Williams Brandon Gormley Niklas Hansson
Goaltenders
Starting : Tyler Plante
Backup : Igor Bobkov
Extra Forwards
Normal : Ryan Strome, Pontus Aberg, Max Reinhart - PP : Nail Yakupov, Pontus Aberg - PK : Brandon Mashinter
Extra Defensemen
Normal : Griffin Reinhart, Brandon Gormley, Erik Gustafsson - PP : Griffin Reinhart - PK : Griffin Reinhart, Michal Jordan
Penalty Shots
Daniel Paille, Nail Yakupov, Max Reinhart, Ryan Strome, Pontus Aberg
Scratches
Juuso Ikonen (Healthy), Michael Downing (Healthy), Keaton Thompson (Healthy), Kyle Platzer (Healthy), Connor Honey (Healthy)
Anton Zlobin (Healthy), Mitchell Heard (Healthy), Tim Bozon (Healthy), François Brassard (Healthy), Jason Missiaen (Healthy)
% Time on Ice - Blackdemons
Lines # - Real PCT - Wanted PCT - Time Play
Normal Forward
1 - 31% - 34% - 13:20
2 - 30% - 34% - 13:10
3 - 22% - 22% - 9:21
4 - 17% - 10% - 7:29
Normal Defense
1 - 38% - 40% - 16:40
2 - 31% - 30% - 13:24
3 - 20% - 20% - 8:31
4 - 11% - 10% - 4:45
PP Forward
1 - 51% - 50% - 3:25
2 - 49% - 50% - 3:20
PP Defense
1 - 51% - 50% - 3:26
2 - 49% - 50% - 3:19
PK Forward
1 - 52% - 50% - 4:25
2 - 48% - 50% - 4:06
PK Defense
1 - 47% - 50% - 3:58
2 - 53% - 50% - 4:33
PK3 Forward
1 - 0% - 60%
2 - 0% - 40%
PK3 Defense
1 - 0% - 60%
2 - 0% - 40%
44 Forward
1 - 54% - 50% - 0:45
2 - 46% - 50% - 0:39
44 Defense
1 - 42% - 50% - 0:35
2 - 58% - 50% - 0:49
Last Minute Offensive - 0:00
Last Minute Defensive - 0:00
Total
Forward - 60:00
Defense - 60:00
|
% Time on Ice - Remparts
Lines # - Real PCT - Wanted PCT - Time Play
Normal Forward
1 - 35% - 40% - 15:08
2 - 25% - 30% - 10:41
3 - 24% - 20% - 10:36
4 - 16% - 10% - 6:55
Normal Defense
1 - 41% - 40% - 17:33
2 - 35% - 30% - 14:58
3 - 22% - 20% - 9:36
4 - 3% - 10% - 1:13
PP Forward
1 - 62% - 60% - 5:16
2 - 38% - 40% - 3:15
PP Defense
1 - 56% - 60% - 4:44
2 - 44% - 40% - 3:47
PK Forward
1 - 81% - 60% - 5:27
2 - 19% - 40% - 1:18
PK Defense
1 - 62% - 60% - 4:11
2 - 38% - 40% - 2:34
PK3 Forward
1 - 0% - 60%
2 - 0% - 40%
PK3 Defense
1 - 0% - 60%
2 - 0% - 40%
44 Forward
1 - 100% - 60% - 1:24
2 - 0% - 40% - 0:00
44 Defense
1 - 57% - 60% - 0:48
2 - 43% - 40% - 0:36
Last Minute Offensive - 0:00
Last Minute Defensive - 0:00
Total
Forward - 60:00
Defense - 60:00
|
Play-by-Play
1st period
0:01 of 1st period - Max Reinhart wins face-off versus Martin Hanzal in neutral zone.
0:12 of 1st period - Snap shot by Alexandre Grenier.
0:12 of 1st period - Stopped by Tyler Plante with a rebound.
0:21 of 1st period - Minor Penalty to Blake Pietila for Holding Stick.
0:22 of 1st period - Patrice Cormier wins face-off versus Max Reinhart in Blackdemons zone.
0:48 of 1st period - Cédric Lalonde-McNicoll is hit by Yannick Weber and loses puck.
1:12 of 1st period - Slapshot by Griffin Reinhart.
1:12 of 1st period - Stopped by Matt Hackett without a rebound.
1:13 of 1st period - Patrice Cormier wins face-off versus Max Reinhart in Blackdemons zone.
1:22 of 1st period - Wrist shot by Pontus Aberg.
1:22 of 1st period - Stopped by Matt Hackett without a rebound.
1:23 of 1st period - Sergei Plotnikov wins face-off versus Max Reinhart in Blackdemons zone.
1:31 of 1st period - Off-side.
1:32 of 1st period - Max Reinhart wins face-off versus Patrice Cormier in neutral zone.
2:01 of 1st period - Slapshot by Sergei Plotnikov.
2:01 of 1st period - Shot Blocked by Michal Jordan.
2:10 of 1st period - Icing by Griffin Reinhart.
2:11 of 1st period - Max Reinhart wins face-off versus Ladislav Nagy in Remparts zone.
2:21 of 1st period - Penalty to Blake Pietila is over, Blake Pietila is back on ice.
2:43 of 1st period - Patrice Cormier is hit by Guillaume Desbiens and loses puck.
3:06 of 1st period - Snap shot by Patrice Cormier.
3:06 of 1st period - Shot Blocked by Griffin Reinhart.
3:36 of 1st period - Patrice Cormier is hit by Pontus Aberg and loses puck.
3:43 of 1st period - Slapshot by Max Reinhart.
3:43 of 1st period - Shot Misses the Net.
3:49 of 1st period - Wrist shot by Guillaume Desbiens.
3:49 of 1st period - Stopped by Matt Hackett without a rebound.
3:50 of 1st period - Kyle Rau wins face-off versus Cédric Lalonde-McNicoll in Blackdemons zone.
3:55 of 1st period - Wrist shot by Sergei Plotnikov.
3:55 of 1st period - Stopped by Tyler Plante with a rebound.
4:17 of 1st period - Charles-Olivier Roussel is hit by Brandon Gormley and loses puck.
4:29 of 1st period - Icing by Viktor Baldayev.
4:30 of 1st period - Brandon Mashinter wins face-off versus Sean Monahan in Remparts zone.
4:45 of 1st period - Wrist shot by Daniel Paille.
4:45 of 1st period - Shot Blocked by Alexei Morozov.
4:55 of 1st period - Backhand shot by Nail Yakupov.
4:55 of 1st period - Stopped by Matt Hackett without a rebound.
4:56 of 1st period - Brandon Mashinter wins face-off versus Kyle Rau in Blackdemons zone.
5:04 of 1st period - Off-side.
5:05 of 1st period - Ryan Strome wins face-off versus Patrice Cormier in neutral zone.
5:55 of 1st period - Icing by Nail Yakupov.
5:56 of 1st period - Patrice Cormier wins face-off versus Brandon Mashinter in Remparts zone.
6:55 of 1st period - Wrist shot by Brandon Mashinter.
6:55 of 1st period - Stopped by Matt Hackett without a rebound.
6:56 of 1st period - Martin Hanzal wins face-off versus Cédric Lalonde-McNicoll in Blackdemons zone.
7:08 of 1st period - Minor Penalty to Martin Hanzal for Tripping.
7:09 of 1st period - Max Reinhart wins face-off versus Kyle Rau in Blackdemons zone.
7:35 of 1st period - Daniel Paille is hit by Matt Grzelcyk and loses puck.
8:02 of 1st period - Yannick Weber is hit by Pontus Aberg and loses puck.
9:08 of 1st period - Penalty to Martin Hanzal is over, Martin Hanzal is back on ice.
9:26 of 1st period - Brandon Gormley is hit by Ladislav Nagy and loses puck.
9:33 of 1st period - Snap shot by Martin Hanzal.
9:33 of 1st period - Shot Blocked by Erik Gustafsson.
9:35 of 1st period - Wrist shot by Ladislav Nagy.
9:35 of 1st period - Deflect By Patrice Cormier.
9:35 of 1st period - Shot Misses the Net.
9:35 of 1st period - Puck is out of play.
9:36 of 1st period - Martin Hanzal wins face-off versus Matt Puempel in Remparts zone.
9:39 of 1st period - Wrist shot by Martin Hanzal.
9:39 of 1st period - Shot Misses the Net.
9:41 of 1st period - Wrist shot by Alexandre Grenier.
9:41 of 1st period - Shot Misses the Net.
9:45 of 1st period - Wrist shot by Alexandre Grenier.
9:45 of 1st period - Stopped by Tyler Plante without a rebound.
9:46 of 1st period - Brandon Mashinter wins face-off versus Blake Pietila in Remparts zone.
9:48 of 1st period - Minor Penalty to Michal Jordan for Tripping.
9:49 of 1st period - Sean Monahan wins face-off versus Max Reinhart in Remparts zone.
11:00 of 1st period - Wrist shot by Guillaume Desbiens.
11:00 of 1st period - Stopped by Matt Hackett without a rebound.
11:01 of 1st period - Sean Monahan wins face-off versus Guillaume Desbiens in Blackdemons zone.
11:41 of 1st period - Daniel Paille is hit by Jeffrey Foss and loses puck.
11:48 of 1st period - Penalty to Michal Jordan is over, Michal Jordan is back on ice.
11:58 of 1st period - Snap shot by Justin Williams.
11:58 of 1st period - Shot Blocked by Kyle Rau.
12:20 of 1st period - Snap shot by Sean Monahan.
12:20 of 1st period - Shot Misses the Net.
13:03 of 1st period - Roman Josi is hit by Michal Jordan and loses puck.
13:08 of 1st period - Slapshot by Nail Yakupov.
13:08 of 1st period - Shot Misses the Net.
13:18 of 1st period - Erik Gustafsson is hit by Roman Josi and loses puck.
13:43 of 1st period - Erik Gustafsson is hit by Alexandre Grenier and loses puck.
14:22 of 1st period - Slapshot by Brandon Mashinter.
14:22 of 1st period - Shot Blocked by Charles-Olivier Roussel.
14:24 of 1st period - Snap shot by Brandon Mashinter.
14:24 of 1st period - Stopped by Matt Hackett with a rebound.
14:26 of 1st period - Slapshot by Michal Jordan.
14:26 of 1st period - Shot Misses the Net.
14:28 of 1st period - Snap shot by Brandon Mashinter.
14:28 of 1st period - Shot Misses the Net.
15:23 of 1st period - Snap shot by Daniel Paille.
15:23 of 1st period - Deflect By Ryan Strome.
15:23 of 1st period - Stopped by Matt Hackett without a rebound.
15:24 of 1st period - Max Reinhart wins face-off versus Sean Monahan in Blackdemons zone.
15:47 of 1st period - Sean Monahan is hit by Nail Yakupov and loses puck.
16:09 of 1st period - Slapshot by Ladislav Nagy.
16:09 of 1st period - Goal by Ladislav Nagy - Blackdemons : 1 - Remparts : 0.
16:10 of 1st period - Max Reinhart wins face-off versus Patrice Cormier in neutral zone.
16:15 of 1st period - Wrist shot by Max Reinhart.
16:15 of 1st period - Stopped by Matt Hackett with a rebound.
16:23 of 1st period - Slapshot by Griffin Reinhart.
16:23 of 1st period - Shot Misses the Net.
17:02 of 1st period - Keaton Ellerby is hit by Erik Gustafsson and loses puck.
17:45 of 1st period - Wrist shot by Kyle Rau.
17:45 of 1st period - Shot Misses the Net.
17:57 of 1st period - Wrist shot by Alexandre Grenier.
17:57 of 1st period - Stopped by Tyler Plante without a rebound.
17:58 of 1st period - Martin Hanzal wins face-off versus Cédric Lalonde-McNicoll in Remparts zone.
18:03 of 1st period - Snap shot by Martin Hanzal.
18:03 of 1st period - Deflect By Alexandre Grenier.
18:03 of 1st period - Shot Misses the Net.
18:03 of 1st period - Puck is out of play.
18:04 of 1st period - Cédric Lalonde-McNicoll wins face-off versus Patrice Cormier in Remparts zone.
18:58 of 1st period - Snap shot by Sean Monahan.
18:58 of 1st period - Shot Blocked by Erik Gustafsson.
19:19 of 1st period - Off-side.
19:20 of 1st period - Cédric Lalonde-McNicoll wins face-off versus Patrice Cormier in neutral zone.
19:24 of 1st period - Minor Penalty to Robbie Russo for Elbowing.
19:25 of 1st period - Patrice Cormier wins face-off versus Max Reinhart in Blackdemons zone.
19:29 of 1st period - Pontus Aberg is hit by Ladislav Nagy and loses puck.
19:59 of 1st period - Wrist shot by Cédric Lalonde-McNicoll.
19:59 of 1st period - Shot Blocked by Sergei Plotnikov.
Goals for this period are 1 for Blackdemons vs 0 for Remparts.
Shots for this period are 5 for Blackdemons vs 9 for Remparts.
2nd period
0:01 of 2nd period - Sergei Plotnikov wins face-off versus Max Reinhart in neutral zone.
0:04 of 2nd period - Slapshot by Yannick Weber.
0:04 of 2nd period - Deflect By Sergei Plotnikov.
0:04 of 2nd period - Shot Blocked by Erik Gustafsson.
0:04 of 2nd period - Puck is out of play.
0:05 of 2nd period - Max Reinhart wins face-off versus Kyle Rau in Remparts zone.
0:28 of 2nd period - Snap shot by Guillaume Desbiens.
0:28 of 2nd period - Stopped by Matt Hackett without a rebound.
0:29 of 2nd period - Patrice Cormier wins face-off versus Cédric Lalonde-McNicoll in Blackdemons zone.
0:42 of 2nd period - Off-side.
0:43 of 2nd period - Patrice Cormier wins face-off versus Guillaume Desbiens in neutral zone.
1:24 of 2nd period - Penalty to Robbie Russo is over, Robbie Russo is back on ice.
1:43 of 2nd period - Snap shot by Ladislav Nagy.
1:43 of 2nd period - Stopped by Tyler Plante with a rebound.
1:49 of 2nd period - Snap shot by Patrice Cormier.
1:49 of 2nd period - Stopped by Tyler Plante with a rebound.
1:51 of 2nd period - Slapshot by Jeffrey Foss.
1:51 of 2nd period - Stopped by Tyler Plante without a rebound.
1:52 of 2nd period - Max Reinhart wins face-off versus Martin Hanzal in Remparts zone.
2:17 of 2nd period - Ryan Strome is hit by Kyle Rau and loses puck.
2:24 of 2nd period - Cédric Lalonde-McNicoll is hit by Roman Josi and loses puck.
3:14 of 2nd period - Pontus Aberg is hit by Blake Pietila and loses puck.
3:21 of 2nd period - Slapshot by Alexandre Grenier.
3:21 of 2nd period - Shot Blocked by Pontus Aberg.
3:23 of 2nd period - Snap shot by Martin Hanzal.
3:23 of 2nd period - Goal by Martin Hanzal - Blackdemons : 2 - Remparts : 0.
3:24 of 2nd period - Max Reinhart wins face-off versus Patrice Cormier in neutral zone.
3:29 of 2nd period - Slapshot by Brandon Gormley.
3:29 of 2nd period - Shot Blocked by Jeffrey Foss.
3:39 of 2nd period - Snap shot by Jeffrey Foss.
3:39 of 2nd period - Deflect By Patrice Cormier.
3:39 of 2nd period - Stopped by Tyler Plante with a rebound.
3:49 of 2nd period - Cédric Lalonde-McNicoll is hit by Hudson Fasching and loses puck.
4:16 of 2nd period - Griffin Reinhart is hit by Martin Hanzal.
4:17 of 2nd period - Icing by Griffin Reinhart.
4:18 of 2nd period - Martin Hanzal wins face-off versus Chris Mueller in Remparts zone.
4:19 of 2nd period - Snap shot by Blake Pietila.
4:19 of 2nd period - Shot Misses the Net.
4:21 of 2nd period - Slapshot by Alexandre Grenier.
4:21 of 2nd period - Deflect By Martin Hanzal.
4:21 of 2nd period - Stopped by Tyler Plante without a rebound.
4:22 of 2nd period - Patrice Cormier wins face-off versus Max Reinhart in Remparts zone.
4:25 of 2nd period - Snap shot by Alexei Morozov.
4:25 of 2nd period - Goal by Alexei Morozov - Blackdemons : 3 - Remparts : 0.
4:26 of 2nd period - Patrice Cormier wins face-off versus Max Reinhart in neutral zone.
4:39 of 2nd period - Slapshot by Patrice Cormier.
4:39 of 2nd period - Stopped by Tyler Plante with a rebound.
4:41 of 2nd period - Wrist shot by Yannick Weber.
4:41 of 2nd period - Stopped by Tyler Plante without a rebound.
4:42 of 2nd period - Martin Hanzal wins face-off versus Cédric Lalonde-McNicoll in Remparts zone.
5:13 of 2nd period - Off-side.
5:14 of 2nd period - Patrice Cormier wins face-off versus Max Reinhart in neutral zone.
5:17 of 2nd period - Guillaume Desbiens is hit by Keaton Ellerby and loses puck.
5:40 of 2nd period - Griffin Reinhart is hit by Sean Monahan and loses puck.
5:49 of 2nd period - Slapshot by Sean Monahan.
5:49 of 2nd period - Deflect By Ladislav Nagy.
5:49 of 2nd period - Stopped by Tyler Plante without a rebound.
5:50 of 2nd period - Martin Hanzal wins face-off versus Max Reinhart in Remparts zone.
6:41 of 2nd period - Martin Hanzal is hit by Justin Williams and loses puck.
6:56 of 2nd period - Blake Pietila is hit by Chris Mueller and loses puck.
7:07 of 2nd period - Wrist shot by Alexandre Grenier.
7:07 of 2nd period - Stopped by Tyler Plante without a rebound.
7:08 of 2nd period - Patrice Cormier wins face-off versus Cédric Lalonde-McNicoll in Remparts zone.
7:09 of 2nd period - Wrist shot by Alexei Morozov.
7:09 of 2nd period - Stopped by Tyler Plante without a rebound.
7:10 of 2nd period - Patrice Cormier wins face-off versus Daniel Paille in Remparts zone.
7:15 of 2nd period - Wrist shot by Alexei Morozov.
7:15 of 2nd period - Stopped by Tyler Plante with a rebound.
7:17 of 2nd period - Snap shot by Alexei Morozov.
7:17 of 2nd period - Stopped by Tyler Plante without a rebound.
7:18 of 2nd period - Max Reinhart wins face-off versus Patrice Cormier in Remparts zone.
7:29 of 2nd period - Slapshot by Alexei Morozov.
7:29 of 2nd period - Goal by Alexei Morozov - Blackdemons : 4 - Remparts : 0.
7:30 of 2nd period - Patrice Cormier wins face-off versus Max Reinhart in neutral zone.
7:51 of 2nd period - Minor Penalty to Guillaume Desbiens for Charging.
7:52 of 2nd period - Max Reinhart wins face-off versus Martin Hanzal in Remparts zone.
9:51 of 2nd period - Penalty to Guillaume Desbiens is over, Guillaume Desbiens is back on ice.
9:54 of 2nd period - Michal Jordan is hit by Blake Pietila and loses puck.
10:26 of 2nd period - Wrist shot by Guillaume Desbiens.
10:26 of 2nd period - Shot Blocked by Matt Grzelcyk.
10:30 of 2nd period - Snap shot by Guillaume Desbiens.
10:30 of 2nd period - Shot Misses the Net.
10:36 of 2nd period - Slapshot by Guillaume Desbiens.
10:36 of 2nd period - Stopped by Matt Hackett with a rebound.
10:38 of 2nd period - Slapshot by Michal Jordan.
10:38 of 2nd period - Shot Blocked by Tommy Vannelli.
10:40 of 2nd period - Wrist shot by Cédric Lalonde-McNicoll.
10:40 of 2nd period - Shot Misses the Net.
10:42 of 2nd period - Snap shot by Cédric Lalonde-McNicoll.
10:42 of 2nd period - Shot Misses the Net.
10:46 of 2nd period - Slapshot by Guillaume Desbiens.
10:46 of 2nd period - Shot Blocked by Kyle Rau.
10:54 of 2nd period - Snap shot by Guillaume Desbiens.
10:54 of 2nd period - Shot Misses the Net.
10:56 of 2nd period - Wrist shot by Erik Gustafsson.
10:56 of 2nd period - Deflect By Guillaume Desbiens.
10:56 of 2nd period - Goal by Guillaume Desbiens - Blackdemons : 4 - Remparts : 1.
10:57 of 2nd period - Patrice Cormier wins face-off versus Brandon Mashinter in neutral zone.
12:32 of 2nd period - Slapshot by Ladislav Nagy.
12:32 of 2nd period - Stopped by Tyler Plante without a rebound.
12:33 of 2nd period - Sean Monahan wins face-off versus Brandon Mashinter in Remparts zone.
12:42 of 2nd period - Snap shot by Sean Monahan.
12:42 of 2nd period - Stopped by Tyler Plante without a rebound.
12:43 of 2nd period - Max Reinhart wins face-off versus Patrice Cormier in Remparts zone.
12:43 of 2nd period - Max Reinhart is hit by Alexei Morozov.
13:00 of 2nd period - Minor Penalty to Patrice Cormier for Hooking.
13:01 of 2nd period - Kyle Rau wins face-off versus Max Reinhart in Blackdemons zone.
13:19 of 2nd period - Yannick Weber is hit by Max Reinhart.
15:00 of 2nd period - Penalty to Patrice Cormier is over, Patrice Cormier is back on ice.
15:30 of 2nd period - Snap shot by Alexandre Grenier.
15:30 of 2nd period - Stopped by Tyler Plante without a rebound.
15:31 of 2nd period - Chris Mueller wins face-off versus Martin Hanzal in Remparts zone.
15:56 of 2nd period - Wrist shot by Brandon Gormley.
15:56 of 2nd period - Shot Misses the Net.
16:06 of 2nd period - Patrice Cormier is hit by Brandon Mashinter and loses puck.
16:21 of 2nd period - Snap shot by Ladislav Nagy.
16:21 of 2nd period - Stopped by Tyler Plante with a rebound.
16:23 of 2nd period - Slapshot by Yannick Weber.
16:23 of 2nd period - Shot Misses the Net.
16:25 of 2nd period - Slapshot by Keaton Ellerby.
16:25 of 2nd period - Goal by Keaton Ellerby - Blackdemons : 5 - Remparts : 1.
16:26 of 2nd period - Patrice Cormier wins face-off versus Max Reinhart in neutral zone.
16:41 of 2nd period - Wrist shot by Max Reinhart.
16:41 of 2nd period - Stopped by Matt Hackett without a rebound.
16:42 of 2nd period - Martin Hanzal wins face-off versus Cédric Lalonde-McNicoll in Blackdemons zone.
17:09 of 2nd period - Erik Gustafsson is hit by Alexei Morozov and loses puck.
17:25 of 2nd period - Brandon Gormley is hit by Jeffrey Foss and loses puck.
17:58 of 2nd period - Slapshot by Blake Pietila.
17:58 of 2nd period - Shot Misses the Net.
18:05 of 2nd period - Icing by Michal Jordan.
18:06 of 2nd period - Patrice Cormier wins face-off versus Cédric Lalonde-McNicoll in Remparts zone.
18:41 of 2nd period - Slapshot by Alexandre Grenier.
18:41 of 2nd period - Stopped by Tyler Plante without a rebound.
18:42 of 2nd period - Cédric Lalonde-McNicoll wins face-off versus Sean Monahan in Remparts zone.
18:47 of 2nd period - Slapshot by Cédric Lalonde-McNicoll.
18:47 of 2nd period - Shot Hit the Post.
18:59 of 2nd period - Keaton Ellerby is hit by Daniel Paille and loses puck.
19:32 of 2nd period - Wrist shot by Brandon Mashinter.
19:32 of 2nd period - Shot Blocked by Robbie Russo.
19:34 of 2nd period - Wrist shot by Michal Jordan.
19:34 of 2nd period - Shot Misses the Net.
19:59 of 2nd period - Snap shot by Justin Williams.
19:59 of 2nd period - Shot Blocked by James Livingstone.
Goals for this period are 4 for Blackdemons vs 1 for Remparts.
Shots for this period are 21 for Blackdemons vs 4 for Remparts.
3rd period
0:01 of 3rd period - Patrice Cormier wins face-off versus Max Reinhart in neutral zone.
0:47 of 3rd period - Slapshot by Brandon Mashinter.
0:47 of 3rd period - Shot Misses the Net.
0:49 of 3rd period - Wrist shot by Brandon Mashinter.
0:49 of 3rd period - Stopped by Matt Hackett without a rebound.
0:50 of 3rd period - Brandon Mashinter wins face-off versus Sean Monahan in Blackdemons zone.
0:53 of 3rd period - Wrist shot by Brandon Mashinter.
0:53 of 3rd period - Stopped by Matt Hackett with a rebound.
0:55 of 3rd period - Snap shot by Brandon Mashinter.
0:55 of 3rd period - Goal by Brandon Mashinter - Blackdemons : 5 - Remparts : 2.
0:56 of 3rd period - Max Reinhart wins face-off versus Patrice Cormier in neutral zone.
0:59 of 3rd period - Wrist shot by Pontus Aberg.
0:59 of 3rd period - Stopped by Matt Hackett with a rebound.
1:01 of 3rd period - Snap shot by Brandon Gormley.
1:01 of 3rd period - Stopped by Matt Hackett with a rebound.
1:03 of 3rd period - Wrist shot by Guillaume Desbiens.
1:03 of 3rd period - Stopped by Matt Hackett with a rebound.
1:21 of 3rd period - Alexandre Grenier is hit by Daniel Paille and loses puck.
1:46 of 3rd period - Snap shot by Brandon Mashinter.
1:46 of 3rd period - Shot Misses the Net.
1:48 of 3rd period - Wrist shot by Matt Puempel.
1:48 of 3rd period - Goal by Matt Puempel - Blackdemons : 5 - Remparts : 3.
1:49 of 3rd period - Max Reinhart wins face-off versus Patrice Cormier in neutral zone.
1:52 of 3rd period - Slapshot by Brandon Gormley.
1:52 of 3rd period - Shot Misses the Net.
2:02 of 3rd period - Slapshot by Jeffrey Foss.
2:02 of 3rd period - Shot Misses the Net.
2:14 of 3rd period - Cédric Lalonde-McNicoll is hit by Blake Pietila and loses puck.
2:43 of 3rd period - Slapshot by Ladislav Nagy.
2:43 of 3rd period - Stopped by Tyler Plante with a rebound.
2:55 of 3rd period - Snap shot by Guillaume Desbiens.
2:55 of 3rd period - Shot Misses the Net.
2:57 of 3rd period - Slapshot by Viktor Baldayev.
2:57 of 3rd period - Shot Misses the Net.
2:59 of 3rd period - Snap shot by Max Reinhart.
2:59 of 3rd period - Stopped by Matt Hackett with a rebound.
3:01 of 3rd period - Slapshot by Niklas Hansson.
3:01 of 3rd period - Shot Blocked by Sean Monahan.
3:28 of 3rd period - Icing by Viktor Baldayev.
3:29 of 3rd period - Martin Hanzal wins face-off versus Chris Mueller in Remparts zone.
4:18 of 3rd period - Wrist shot by Sergei Plotnikov.
4:18 of 3rd period - Shot Misses the Net.
4:20 of 3rd period - Slapshot by Sergei Plotnikov.
4:20 of 3rd period - Shot Misses the Net.
4:22 of 3rd period - Snap shot by Kyle Rau.
4:22 of 3rd period - Stopped by Tyler Plante without a rebound.
4:23 of 3rd period - Martin Hanzal wins face-off versus Max Reinhart in Remparts zone.
4:27 of 3rd period - Minor Penalty to Erik Gustafsson for Slashing.
4:28 of 3rd period - Martin Hanzal wins face-off versus Max Reinhart in Remparts zone.
4:40 of 3rd period - Slapshot by Keaton Ellerby.
4:40 of 3rd period - Goal by Keaton Ellerby - Blackdemons : 6 - Remparts : 3.
4:40 of 3rd period - Igor Bobkov enters game.
4:41 of 3rd period - Alexei Morozov wins face-off versus Pontus Aberg in neutral zone.
5:06 of 3rd period - Keaton Ellerby is hit by Cédric Lalonde-McNicoll and loses puck.
6:03 of 3rd period - Wrist shot by Sean Monahan.
6:03 of 3rd period - Shot Blocked by Griffin Reinhart.
6:26 of 3rd period - Slapshot by Erik Gustafsson.
6:26 of 3rd period - Shot Misses the Net.
6:54 of 3rd period - Off-side.
6:55 of 3rd period - Max Reinhart wins face-off versus Patrice Cormier in neutral zone.
7:25 of 3rd period - Slapshot by Martin Hanzal.
7:25 of 3rd period - Shot Misses the Net.
7:39 of 3rd period - Slapshot by Kyle Rau.
7:39 of 3rd period - Stopped by Igor Bobkov with a rebound.
7:41 of 3rd period - Snap shot by Jeffrey Foss.
7:41 of 3rd period - Deflect By James Livingstone.
7:41 of 3rd period - Shot Misses the Net.
7:41 of 3rd period - Puck is out of play.
7:42 of 3rd period - Kyle Rau wins face-off versus Chris Mueller in Remparts zone.
8:56 of 3rd period - Snap shot by James Livingstone.
8:56 of 3rd period - Stopped by Igor Bobkov with a rebound.
9:00 of 3rd period - Snap shot by James Livingstone.
9:00 of 3rd period - Shot Misses the Net.
9:02 of 3rd period - Snap shot by Sergei Plotnikov.
9:02 of 3rd period - Stopped by Igor Bobkov with a rebound.
9:04 of 3rd period - Snap shot by Sergei Plotnikov.
9:04 of 3rd period - Goal by Sergei Plotnikov - Blackdemons : 7 - Remparts : 3.
9:05 of 3rd period - Alexei Morozov wins face-off versus Cédric Lalonde-McNicoll in neutral zone.
9:09 of 3rd period - Minor Penalty to Daniel Paille for Hooking.
9:10 of 3rd period - Sean Monahan wins face-off versus Brandon Mashinter in Remparts zone.
9:16 of 3rd period - Slapshot by Sean Monahan.
9:16 of 3rd period - Shot Misses the Net.
11:09 of 3rd period - Penalty to Daniel Paille is over, Daniel Paille is back on ice.
11:26 of 3rd period - Slapshot by Daniel Paille.
11:26 of 3rd period - Stopped by Matt Hackett with a rebound.
11:28 of 3rd period - Slapshot by Niklas Hansson.
11:28 of 3rd period - Shot Blocked by Roman Josi.
11:30 of 3rd period - Slapshot by Niklas Hansson.
11:30 of 3rd period - Stopped by Matt Hackett with a rebound.
11:32 of 3rd period - Slapshot by Niklas Hansson.
11:32 of 3rd period - Shot Blocked by Keaton Ellerby.
11:34 of 3rd period - Slapshot by Niklas Hansson.
11:34 of 3rd period - Shot Blocked by Keaton Ellerby.
11:44 of 3rd period - Wrist shot by Cédric Lalonde-McNicoll.
11:44 of 3rd period - Shot Misses the Net.
11:46 of 3rd period - Snap shot by Roberts Lipsbergs.
11:46 of 3rd period - Shot Misses the Net.
11:48 of 3rd period - Wrist shot by Roberts Lipsbergs.
11:48 of 3rd period - Deflect By Daniel Paille.
11:48 of 3rd period - Shot Misses the Net.
11:48 of 3rd period - Puck is out of play.
11:49 of 3rd period - Sean Monahan wins face-off versus Max Reinhart in Blackdemons zone.
11:49 of 3rd period - Sean Monahan is hit by Pontus Aberg.
11:57 of 3rd period - Guillaume Desbiens is hit by Hudson Fasching and loses puck.
12:04 of 3rd period - Michal Jordan is hit by Matt Grzelcyk and loses puck.
12:19 of 3rd period - Backhand shot by Brandon Mashinter.
12:19 of 3rd period - Shot Misses the Net.
12:37 of 3rd period - Wrist shot by Alexandre Grenier.
12:37 of 3rd period - Shot Blocked by Michal Jordan.
12:39 of 3rd period - Wrist shot by Alexandre Grenier.
12:39 of 3rd period - Goal by Alexandre Grenier - Blackdemons : 8 - Remparts : 3.
12:40 of 3rd period - Max Reinhart wins face-off versus Patrice Cormier in neutral zone.
12:45 of 3rd period - Wrist shot by Guillaume Desbiens.
12:45 of 3rd period - Stopped by Matt Hackett with a rebound.
13:09 of 3rd period - Alexandre Grenier is hit by Ryan Strome and loses puck.
13:27 of 3rd period - Wrist shot by Ladislav Nagy.
13:27 of 3rd period - Shot Blocked by Viktor Baldayev.
13:57 of 3rd period - Slapshot by James Livingstone.
13:57 of 3rd period - Shot Blocked by Griffin Reinhart.
14:04 of 3rd period - Icing by Michal Jordan.
14:05 of 3rd period - Patrice Cormier wins face-off versus Chris Mueller in Remparts zone.
14:08 of 3rd period - Slapshot by Zachary Sanford.
14:08 of 3rd period - Shot Blocked by Michal Jordan.
14:12 of 3rd period - Wrist shot by Alexei Morozov.
14:12 of 3rd period - Stopped by Igor Bobkov without a rebound.
14:13 of 3rd period - Alexei Morozov wins face-off versus Max Reinhart in Remparts zone.
14:24 of 3rd period - Slapshot by Patrice Cormier.
14:24 of 3rd period - Deflect By Zachary Sanford.
14:24 of 3rd period - Stopped by Igor Bobkov without a rebound.
14:25 of 3rd period - Patrice Cormier wins face-off versus Max Reinhart in Remparts zone.
14:30 of 3rd period - Backhand shot by Alexei Morozov.
14:30 of 3rd period - Shot Misses the Net.
14:32 of 3rd period - Snap shot by Alexei Morozov.
14:32 of 3rd period - Stopped by Igor Bobkov without a rebound.
14:33 of 3rd period - Patrice Cormier wins face-off versus Max Reinhart in Remparts zone.
15:00 of 3rd period - Minor Penalty to Pontus Aberg for Holding.
15:01 of 3rd period - Sean Monahan wins face-off versus Max Reinhart in Remparts zone.
15:35 of 3rd period - Minor Penalty to Alexandre Grenier for Hooking.
15:36 of 3rd period - Max Reinhart wins face-off versus Kyle Rau in Blackdemons zone.
17:00 of 3rd period - Penalty to Pontus Aberg is over, Pontus Aberg is back on ice.
17:18 of 3rd period - Sergei Plotnikov is hit by Cédric Lalonde-McNicoll and loses puck.
17:35 of 3rd period - Penalty to Alexandre Grenier is over, Alexandre Grenier is back on ice.
17:46 of 3rd period - Patrice Cormier is hit by Roberts Lipsbergs and loses puck.
18:27 of 3rd period - Viktor Baldayev is hit by Blake Pietila and loses puck.
18:48 of 3rd period - Hudson Fasching is hit by Max Reinhart and loses puck.
19:43 of 3rd period - Daniel Paille is hit by Keaton Ellerby and loses puck.
Goals for this period are 3 for Blackdemons vs 2 for Remparts.
Shots for this period are 11 for Blackdemons vs 11 for Remparts.
Back to the Top